 Dungeon Crawl Stone Soup version 0.28-a0-245-g639a1a48b9 (webtiles) character file.

Game seed: 15933969428857710525

0 AarnesTheHuman the Skirmisher (level 1, -9/18 HPs)
             Began as a Formicid Abyssal Knight on Aug 25, 2021.
             Was a Follower of Lugonu.
             Killed from afar by a raiju (11 damage)
             ... with a living lightning
             ... on level 1 of the Abyss.
             The game lasted 00:00:52 (131 turns).

AarnesTheHuman the Skirmisher (FoAK)                 Turns: 131, Time: 00:00:52

Health: -9/18      AC:  3    Str: 16    XL:     1   Next: 0%
Magic:  2/2        EV: 11    Int: 11    God:    Lugonu [*.....]
Gold:   0          SH:  0    Dex: 10    Spells: 0/0 levels left

rFire   . . .      SeeInvis +   a - +1 spear
rCold   . . .      Faith    .   (no shield)
rNeg    . . .      Spirit   .   b - +0 leather armour
rPois   .          Reflect  .   (helmet unavailable)
rElec   .          Harm     .   (no cloak)
rCorr   .          Rampage  .   (no gloves)
Will    .....                   (no boots)
Stlth   +.........              (no amulet)
HPRegen 0.06/turn               (no ring)
MPRegen 0.08/turn               (no ring)

@: no status effects
A: permanent stasis, dig shafts and tunnels, antennae 3, four strong arms
a: Dig, Shaft Self, Renounce Religion, Depart the Abyss


You were on level 1 of the Abyss.
You worshipped Lugonu.
Lugonu was aware of your devotion.
You visited 0 branches of the dungeon, and saw 0 of its levels.
You visited the Abyss 1 time.

Inventory:

Hand Weapons
 a - a +1 spear (weapon)
Armour
 b - a +0 leather armour (worn)
Potions
 c - 2 potions of cancellation {unknown}


   Skills:
 + Level 3.2 Fighting
 + Level 2.0 Polearms
 + Level 2.1 Armour
 - Level 0.8 Dodging
 + Level 2.1 Invocations


You couldn't memorise any spells.
You didn't know any spells.
Your spell library was empty.

Dungeon Overview and Level Annotations

Branches:
Dungeon (0/15)

Altars:


Innate Abilities, Weirdness & Mutations

You cannot be hasted, slowed, berserked, paralysed or teleported.
You can dig through walls and to a lower floor.
You have a pair of large antennae on your head. (SInv)
Your four strong arms can wield two-handed weapons with a shield.


Message History

Welcome, AarnesTheHuman the Formicid Abyssal Knight.
It is said that the Orb of Zot exists deep within this dungeon.
Lugonu says: Depart the Abyss and spread corruption, my servant! (use the ability menu to exit the Abyss) Press ? for a list of commands and other information.
Found a corrupted altar of Lugonu.
You sense a monster nearby.
A smoke demon comes into view.
A smoke demon is nearby!
A tentacled starspawn comes into view.
A tentacle flies out from the starspawn's body!
A starspawn tentacle comes into view.
A starspawn tentacle comes into view.
A small abomination comes into view.
Tentacles burst from the starspawn's body! 2 starspawn tentacles come into view.
The starspawn tentacle grabs you. The starspawn tentacle constricts you.
You escape the starspawn tentacle's grasp.
The chaos spawn gives a chilling moan.
The small abomination barely misses you.
Found 2 white potions.
A sky beast comes into view.
You see here 2 white potions.
c - 2 white potions The small abomination hits you!
Ouch! That really hurt!
* * * LOW HITPOINT WARNING * * *
A chaos spawn comes into view.
The chaos spawn screeches!
The sky beast flickers out of sight for a moment.
A raiju comes into view.
The raiju barks!
The raiju bursts into living lightning!
The living lightning hits you!
Ouch! That really hurt!
You die...

#.######4....#
....#...#.#.#.#
#..#.......#..#
#..#..#..#..##
##...4...#.## ##
....###.Y#..###...
... #.##.##....#.
.#
ยง...#.#x..#...h
..#.##.#@......# #
# ..#.#.#..##
.#.....##...#
##.....## 4.#
#..... .# ##..## #
###


You could see a raiju, a chaos spawn, a sky beast (invisible) and a small
abomination.

Vanquished Creatures (others)
  4 starspawn tentacles (Abyss:1)
4 creatures vanquished.

Notes
Turn   | Place    | Note
-------+----------+-------------------------------------------
     0 | Abyss:1  | AarnesTheHuman the Formicid Abyssal Knight began the quest
                  | for the Orb.
     0 | Abyss:1  | Reached XP level 1. HP: 18/18 MP: 2/2
    55 | Abyss:1  | Noticed a smoke demon
    65 | Abyss:1  | Noticed a tentacled starspawn
    74 | Abyss:1  | Noticed a small abomination
   115 | Abyss:1  | Noticed a chaos spawn
   124 | Abyss:1  | Noticed a sky beast
   129 | Abyss:1  | Noticed a chaos spawn
   131 | Abyss:1  | Noticed a raiju
   131 | Abyss:1  | Killed from afar by a raiju

Illustrated notes

Levels and vault maps discovered:
Abyss:1:  base: Temple, base: Temple, gammafunk_corrupted_shrine,
          evilmike_abyss_exit_mutagenic

Action                   || total
-------------------------++-------
Dodge: Dodged            ||     1

Table legend: (Time is in decaauts)
 A = Elapsed time spent in this place.
 B = Non-inter-level travel time spent in this place.
 C = Inter-level travel time spent in this place.
 D = Time resting spent in this place.
 E = Time spent auto-exploring this place.
 F = Levels seen in this place.
 G = Mean time per level.
                   A        B        C        D        E       F      G
               +--------+--------+--------+--------+--------+-----+--------+
         Total |    131 |    131 |      0 |      0 |     54 |   1 |  131.0 |
         Abyss |    131 |    131 |      0 |      0 |     54 |   1 |  131.0 |
               +--------+--------+--------+--------+--------+-----+--------+

Top non-repeatable levels by time:
 Abyss:1: 131 daAuts
